 Dungeon Crawl Stone Soup version 0.30-a0-313-gae38170b09 (webtiles) character file.

Game seed: 5192538692296066796

189 Hubris850 the Magician (level 5, -7/34 (38) HPs)
             Began as a Gnoll Wanderer on Oct 26, 2022.
             Mangled by a hell rat (10 damage)
             ... in a sewer.
             The game lasted 00:06:42 (2967 turns).

Hubris850 the Magician (Gnoll Wanderer)             Turns: 2967, Time: 00:06:42

HP:   -7/34 (38)    AC:  2    Str:  8    XL:     5   Next: 68%
MP:   13/23         EV: 16    Int: 15    God:
Gold: 117           SH:  4    Dex: 13    Spells: 13/18 levels left

rFire   . . .      SeeInvis .    a - +0 dagger
rCold   . . .      Faith    .    d - +0 buckler
rNeg    . . .      Spirit   .    c - +0 robe
rPois   .          Reflect  .    (no helmet)
rElec   .          Harm     .    (no cloak)
rCorr   .          Rampage  .    (no gloves)
Will    .....                    (no boots)
Stlth   ++........               (no amulet)
HPRegen 0.25/turn                e - ring of magical power
MPRegen 0.18/turn                m - +4 ring of evasion

@: heavily drained
A: fangs 1, strong nose, distributed training
a: no special abilities


You were in a sewer.
You visited 1 branch of the dungeon, and saw 4 of its levels.
You also visited: Sewer.

You collected 117 gold pieces.

Inventory:

Hand Weapons
 a - a +0 dagger (weapon)
Armour
 c - a +0 robe (worn)
 d - a +0 buckler (worn)
Jewellery
 e - a ring of magical power (left hand)
 m - a +4 ring of evasion (right hand)
Scrolls
 g - a scroll of vulnerability {unknown}
 h - a scroll of silence {unknown}
 i - 4 scrolls of identify {unknown}
 k - a scroll of fog {unknown}
 l - a scroll of blinking {unknown}
 n - 2 scrolls of teleportation {unknown}
Potions
 b - a potion of haste
 f - 4 potions of curing {unknown}
 j - 2 potions of might {unknown}
 o - a potion of experience {unknown}
 p - a potion of heal wounds {unknown}


   Skills:
 + Level 1.6 Fighting
 + Level 1.6 Short Blades
 + Level 1.6 Long Blades
 + Level 1.6 Axes
 + Level 1.6 Maces & Flails
 + Level 1.6 Polearms
 + Level 1.6 Staves
 + Level 1.6 Ranged Weapons
 + Level 1.6 Throwing
 + Level 1.6 Armour
 + Level 3.1 Dodging
 + Level 1.6 Stealth
 + Level 3.1 Shields
 + Level 1.6 Unarmed Combat
 + Level 7.3 Spellcasting
 + Level 1.3 Conjurations
 + Level 1.3 Hexes
 + Level 1.3 Summonings
 + Level 1.3 Necromancy
 + Level 1.3 Translocations
 + Level 1.3 Transmutations
 + Level 1.3 Fire Magic
 + Level 1.3 Ice Magic
 + Level 5.6 Air Magic
 + Level 1.3 Earth Magic
 + Level 1.3 Poison Magic
 + Level 3.2 Invocations
 + Level 3.1 Evocations


You had 13 spell levels left.
You knew the following spells:

 Your Spells              Type           Power      Damage    Failure   Level
a - Shock                 Conj/Air       60%        1d6       4%          1
b - Cigotuvi's Dreadful   Necr/Pois/Air  26%        N/A       9%          2
c - Poisonous Vapours     Pois/Air       30%        N/A       6%          2

Your spell library contained the following spells:

 Spells                   Type           Power      Damage    Failure   Level
 Sting                    Tmut/Pois      36%        1d4       10%         1
 Ignite Poison            Fire/Tmut/Pois 9%         N/A       28%         3
 Stone Arrow              Conj/Erth      18%        3d8       28%         3
 Animate Armour           Summ/Erth      18%        N/A       67%         4
 Sticky Flame             Conj/Fire      9%         2d3       67%         4
 Ignition                 Fire           4%         3d4       100%        8
 Lehudib's Crystal Spear  Conj/Erth      4%         10d3      100%        8


Dungeon Overview and Level Annotations

Branches:
Dungeon (4/15)              Sewer (1/1)
 Temple: D:4-7

Altars:
Zin

Shops:
D:2 =*(


Innate Abilities, Weirdness & Mutations

You have very sharp teeth.
Your uncanny sense of smell can sniff out nearby items.
Your experience applies equally to all skills.


Message History

You block the hell rat's attack.
The zap misses the hell rat.
You block the hell rat's attack.
The zap misses the hell rat.
You block the hell rat's attack.
A river rat comes into view.
The zap hits the hell rat but does no damage.
The hell rat is heavily wounded.
The hell rat closely misses you.
The zap hits the hell rat but does no damage.
The hell rat is heavily wounded.
The hell rat misses you. The hell rat barely misses you.
The zap hits the hell rat.
The hell rat is heavily wounded.
The hell rat barely misses you.
The zap hits the hell rat.
The hell rat is severely wounded.
The hell rat closely misses you.
The zap hits the hell rat but does no damage.
The hell rat is severely wounded.
The hell rat misses you. The river rat completely misses you.
The zap hits the hell rat but does no damage.
The hell rat is severely wounded.
The hell rat misses you. You block the river rat's attack.
The zap hits the hell rat.
The hell rat is severely wounded.
You block the hell rat's attack.
The river rat twitches its whiskers.
The river rat misses you. The hell rat bites you!
You feel drained.
* * * LOW HITPOINT WARNING * * *
You are too injured to fight recklessly!
You are too injured to fight recklessly!
You are too injured to fight recklessly!
You hit the hell rat but do no damage.
The hell rat is severely wounded.
A rat comes into view.
The hell rat misses you. The river rat bites you.
* * * LOW HITPOINT WARNING * * *
You hit the hell rat but do no damage.
The hell rat is severely wounded.
The hell rat bites you!
You die...

#########
###.~.~~~~###
#.~.~~r@~.~.###
~..r##r##~.~~†# .
#.~ ###~~~## ~~~~
##~~.# ~ ~.~~~
#...# .~##~???∆∆
##.~~#
.~.###?∩∆###~.~##
~~~~~#####..~~.#
#...~~∩~~~..###


You could see a hell rat, a river rat and a rat.

Vanquished Creatures
  A scorpion (D:1)
  An orc priest (D:4)
  2 adders
  A worm (D:2)
  2 dart slugs
  2 orcs (D:4)
  10 ball pythons
  6 endoplasms
  2 giant cockroaches
  2 hobgoblins (D:1)
  6 jackals (D:1)
  7 kobolds
  5 quokkas
  8 bats
  5 frilled lizards
  4 goblins (D:1)
  5 rats
69 creatures vanquished.

Notes
Turn   | Place    | Note
-------+----------+-------------------------------------------
     0 | D:1      | Hubris850 the Gnoll Wanderer began the quest for the Orb.
     0 | D:1      | Hubris850 set off with the following items: a +0 dagger, a
                  | potion of haste, a +0 robe, a +0 buckler; and the following
                  | spells available to memorise: Shock, Poisonous Vapours,
                  | Cigotuvi's Dreadful Rot, Sting, Ignite Poison.
     0 | D:1      | Reached XP level 1. HP: 13/13 MP: 8/8
     2 | D:1      | Learned a level 1 spell: Shock
   110 | D:1      | Reached XP level 2. HP: 16/19 MP: 1/10
   590 | D:1      | Reached XP level 3. HP: 25/25 MP: 11/11
   730 | D:1      | Learned a level 2 spell: Cigotuvi's Dreadful Rot
  1117 | D:1      | Reached skill level 1 in Fighting
  1117 | D:1      | Reached skill level 1 in Short Blades
  1117 | D:1      | Reached skill level 1 in Long Blades
  1117 | D:1      | Reached skill level 1 in Axes
  1117 | D:1      | Reached skill level 1 in Maces & Flails
  1117 | D:1      | Reached skill level 1 in Polearms
  1117 | D:1      | Reached skill level 1 in Staves
  1117 | D:1      | Reached skill level 1 in Ranged Weapons
  1117 | D:1      | Reached skill level 1 in Throwing
  1117 | D:1      | Reached skill level 1 in Armour
  1117 | D:1      | Reached skill level 1 in Stealth
  1117 | D:1      | Reached skill level 1 in Unarmed Combat
  1187 | D:2      | Noticed a scorpion
  1199 | D:1      | Killed a scorpion
  1200 | D:1      | Reached skill level 1 in Conjurations
  1200 | D:1      | Reached skill level 1 in Hexes
  1200 | D:1      | Reached skill level 1 in Summonings
  1200 | D:1      | Reached skill level 1 in Necromancy
  1200 | D:1      | Reached skill level 1 in Translocations
  1200 | D:1      | Reached skill level 1 in Transmutations
  1200 | D:1      | Reached skill level 1 in Fire Magic
  1200 | D:1      | Reached skill level 1 in Ice Magic
  1200 | D:1      | Reached skill level 1 in Earth Magic
  1200 | D:1      | Reached skill level 1 in Poison Magic
  1200 | D:1      | Reached XP level 4. HP: 17/32 MP: 13/13
  1308 | D:1      | Learned a level 2 spell: Poisonous Vapours
  1463 | D:2      | Reached XP level 5. HP: 33/37 MP: 14/14
  1541 | D:2      | Found Subamp's General Store.
  1561 | D:2      | Found a glowing silver altar of Zin.
  1666 | D:2      | Found Miunliow's Jewellery Emporium.
  1823 | D:2      | Found Pufewko's Weapon Shoppe.
  2896 | D:4      | Found a glowing drain.
  2909 | Sewer    | Entered a sewer
  2967 | Sewer    | Mangled by a hell rat

Illustrated notes

Levels and vault maps discovered:
D:1:      mrwooster_arrival_statue, layout_loops_cross, minmay_ruptured
D:2:      layout_basic, basic_altar, serial_shops, nicolae_shop_behind_doors,
          shop, shop
D:3:      layout_loops_corners, supply_closet_lemuel
D:4:      kennysheep_six_static_rooms, layout_loops_cross, portal_sewer_entry_b,
          uniq_pikel
Sewer:    sewer_hellmonk_bad_rat

Skill      XL: |  1  2  3  4  5 |
---------------+----------------+-----
Fighting       | 1 |  1.6
Short Blades   | 1 |  1.6
Long Blades    | 1 |  1.6
Axes           | 1 |  1.6
Maces & Flails | 1 |  1.6
Polearms       | 1 |  1.6
Staves         | 1 |  1.6
Ranged Weapons | 1 |  1.6
Throwing       | 1 |  1.6
Armour         | 1 |  1.6
Stealth        | 1 |  1.6
Unarmed Combat | 1 |  1.6
Conjurations   | 1 |  1.3
Hexes          | 1 |  1.3
Summonings     | 1 |  1.3
Necromancy     | 1 |  1.3
Translocations | 1 |  1.3
Transmutations | 1 |  1.3
Fire Magic     | 1 |  1.3
Ice Magic      | 1 |  1.3
Earth Magic    | 1 |  1.3
Poison Magic   | 1 |  1.3
Invocations    | 3 |  3.2
Dodging        | 3 |  3.1
Shields        | 3 |  3.1
Evocations     | 3 |  3.1
Spellcasting   | |  7.3
Air Magic      | |  5.6

Action                   |  1- 3 |  4- 6 || total
-------------------------+-------+-------++-------
Melee: Dagger            |     4 |     2 ||     6
 Cast: Shock             |    78 |    70 ||   148
       Cigotuvi's Dreadf |     2 |       ||     2
Armor: Robe              |     4 |     1 ||     5
Dodge: Dodged            |    12 |    20 ||    32
Block: Buckler           |     7 |     7 ||    14

Table legend: (Time is in decaauts)
 A = Elapsed time spent in this place.
 B = Non-inter-level travel time spent in this place.
 C = Inter-level travel time spent in this place.
 D = Time resting spent in this place.
 E = Time spent auto-exploring this place.
 F = Levels seen in this place.
 G = Mean time per level.
                   A        B        C        D        E       F      G
               +--------+--------+--------+--------+--------+-----+--------+
         Total |   2972 |   2904 |     68 |    267 |   2266 |   5 |  594.4 |
       Dungeon |   2910 |   2842 |     68 |    267 |   2226 |   4 |  727.5 |
         Sewer |     61 |     61 |      0 |      0 |     40 |   1 |   61.0 |
               +--------+--------+--------+--------+--------+-----+--------+

Top non-repeatable levels by time:
     D:1: 1307 daAuts
     D:3: 850 daAuts
     D:2: 591 daAuts
     D:4: 160 daAuts
   Sewer: 61 daAuts
